 Dungeon Crawl Stone Soup version 0.17-a0-968-gf8e1f1d (webtiles) character file.

100816 Zwobot the Spear-Bearer (level 15, -6/124 HPs)
             Began as a Centaur Gladiator on May 9, 2015.
             Was the Champion of Qazlal.
             Mangled by a small abomination (8 damage)
             ... on level 2 of the Abyss.
             The game lasted 02:45:22 (35530 turns).

Zwobot the Spear-Bearer (Centaur Gladiator)        Turns: 35530, Time: 02:45:23

Health: -6/124     AC: 34    Str: 16    XL:     15   Next: 81%
Magic:  15/15      EV:  5    Int: 11    God:    Qazlal [******]
Gold:   868        SH:  8    Dex:  9    Spells: 2 memorised, 8 levels left

rFire  + . .     SeeInvis +     Q - +1 broad axe (vamp)
rCold  + + .     Clarity  .     E - +6 chain mail "Hicwetet" {rC+ Str-4 Int+2 Slay+2}
rNeg   . . .     SustAb   .     (no shield)
rPois  .         Gourm    +     m - +0 hat of Inviolability {rC+}
rElec  .         Spirit   .     u - +0 cloak
rCorr  .         Warding  .     T - +2 pair of gloves
rMut   .         Stasis   .     F - +2 centaur barding {Fly}
MR     +....                    A - amulet of the gourmand
Stlth  ..........               L - ring of see invisible
                                D - ring of the Octopus King {rF+ AC+1 EV+1 Str+1 Int+1 Dex+1}

@: protected from physical damage, flying, repel missiles, very quick, somewhat
resistant to hostile enchantments, extremely unstealthy
A: hooves 3, rugged brown scales 1, blurry vision 1, clumsy 2, deformed body,
speed 2, frail 1, low mp 2, screaming 2, tough skin 3, weak 1, no device heal 1
a: Upheaval, Elemental Force, Disaster Area, Renounce Religion, Stop Flying


You were on level 2 of the Abyss.
You worshipped Qazlal.
Qazlal was exalted by your worship.
You were full.

You visited 4 branches of the dungeon, and saw 27 of its levels.
You visited the Abyss 1 time.
You also visited: Labyrinth and Bailey.

You collected 3463 gold pieces.
You spent 2595 gold pieces at shops.

Inventory:

Hand weapons
 N - a +0 demon trident of venom
 Q - a +1 vampiric broad axe (weapon)
Missiles
 x - 5 javelins (quivered)
 B - 31 tomahawks of returning
 V - a throwing net
 Y - 3 javelins of returning
Armour
 h - a +4 centaur barding
 m - the +0 hat of Inviolability (worn) {rC+}
   (You acquired it on level 12 of the Dungeon)

   It protects you from cold.
 o - the +0 centaur barding of Calculation {Int+3}
   (You acquired it on level 1 of the Abyss)

   It affects your intelligence (+3).
 u - a +0 cloak (worn)
 C - the +1 ring mail of Buaciat {+Fly MR++ MP+9}
   (You bought it in a shop on level 4 of the Dungeon)

   It affects your resistance to hostile enchantments.
   It affects your magic capacity (+9).
   It lets you fly.
 E - the +6 chain mail "Hicwetet" (worn) {rC+ Str-4 Int+2 Slay+2}
   (You found it in a bailey)

   It affects your strength (-4).
   It affects your intelligence (+2).
   It affects your accuracy and damage with ranged weapons and melee attacks
   (+2).
   It protects you from cold.
 F - a +2 centaur barding of flying (worn)
 P - the +4 ring mail "Zoach" {rPois Int+3}
   (You found it on level 3 of the Lair of Beasts)

   It affects your intelligence (+3).
   It protects you from poison.
 T - a +2 pair of gloves (worn)
Jewellery
 f - an uncursed amulet of resist mutation
 A - an amulet of the gourmand (around neck)
 D - a ring of the Octopus King (left hand) {rF+ AC+1 EV+1 Str+1 Int+1 Dex+1}
   (You found it in a labyrinth)

   [ring of protection from fire]

   It affects your AC (+1).
   It affects your evasion (+1).
   It affects your strength (+1).
   It affects your intelligence (+1).
   It affects your dexterity (+1).
   It protects you from fire.
 G - an uncursed ring of teleportation
 L - a ring of see invisible (right hand)
Magical devices
 q - a wand of fireball (5)
 v - a wand of heal wounds (0)
 z - a wand of digging (6)
 I - a wand of teleportation (4)
 M - a wand of disintegration (13)
 O - a wand of draining (0)
 U - a wand of polymorph (12)
 W - a wand of paralysis (6)
 X - a wand of teleportation (5)
 Z - a wand of paralysis (15)
Scrolls
 a - 2 scrolls of enchant armour
 i - 5 scrolls of blinking
 j - 7 scrolls of teleportation
 l - 2 scrolls of fear
 n - 8 scrolls of remove curse
 r - 3 scrolls of identify
 S - 2 scrolls of fog
Potions
 d - 4 potions of ambrosia
 p - 4 potions of flight
 s - 3 potions of brilliance
 t - 10 potions of curing
 w - a potion of cure mutation
 H - 2 potions of resistance
 J - a potion of berserk rage
 R - a potion of haste
Miscellaneous
 b - a fan of gales
 y - a phial of floods
 K - an ornate deck of defence
Comestibles
 e - 16 bread rations
 g - 12 meat rations
 k - 15 fruits


   Skills:
 - Level 12.7 Fighting
 * Level 13.3(15.6) Axes
 - Level 14.0(15.9) Polearms
 - Level 8.5 Throwing
 - Level 9.8 Armour
 - Level 2.1 Dodging
   Level 1.6 Shields
 - Level 5.1 Invocations


You had 8 spell levels left.
You knew the following spells:

 Your Spells              Type           Power        Failure   Level  Hunger
a - Regeneration          Chrm/Necr      #.........   100%        3    ####...
b - Spectral Weapon       Hex/Chrm       #.......     100%        3    ####...


Dungeon Overview and Level Annotations

Branches:
Dungeon (14/15)            Temple (1/1) D:5            Lair (8/8) D:8
 Shoals (0/4) Lair:5        Snake (0/4) Lair:6        Slime (0/6) Lair:7
    Orc (4/4) D:10            Elf (0/3) Orc:3
 Vaults: D:13-14

Altars:
Ashenzari
Cheibriados
Dithmenos
Elyvilon
Fedhas
Gozag
Kikubaaqudgha
Makhleb
Nemelex Xobeh
Okawaru
Qazlal
Ru
Sif Muna
Trog
Vehumet
Xom
Yredelemnul
Zin
The Shining One
Beogh

Shops:
D:4 [   D:10 *   D:14 (   Orc:1 }*   Orc:3 [   Orc:4 }*((*


Innate Abilities, Weirdness & Mutations

You have hooves in place of feet.
Armour fits poorly on your strangely shaped body.
You cover ground very quickly.
You have extremely tough skin (AC +3).
You are partially covered in rugged brown scales (AC +1, +3% HP).
[Scrolls take you a little longer to read.]
[You are very clumsy. (Dex -4)]
[You are frail (-10% HP).]
[Your magical capacity is very low (-20% MP).]
[You sometimes yell uncontrollably at your foes.]
[You are weak. (Str -2)]
[Potions and wands are less effective at restoring your health.]


Message History

You hear a chilling moan.
The vampire is engulfed in freezing vapours.
The hellion gestures at you.
The hellfire explodes!
The burst of hellfire engulfs you!
* * * LOW HITPOINT WARNING * * *
Read which item? (? for menu, Esc to quit)
Really read with blurry vision while enemies are nearby?
The white imp shouts, "Flee, thou skyhacking mumble-news harpy!"
You begin reading the scroll.
You continue reading the scroll.
You block the small abomination's attack.
As you read the scroll of fog, it crumbles to dust.
The scroll dissolves into smoke.
You hear a shout!
Read which item? (? for menu, Esc to quit)
Really read with blurry vision while enemies are nearby?
You begin reading the scroll.
You continue reading the scroll.
The small abomination hits you.
* * * LOW HITPOINT WARNING * * *
The small abomination hits you!
You die...

....#.## ... #.
#.. ..§.#. #
#..5..# #53##
#...## . # #
.#2.###### #
#..#.##WV#.#..#.#
###
#...#.#§###@.#
.#. . # #W.
#§#x### . #.. #
§xV## #..X
##..§§..§# #.
.#...x..###... #
...#..#### ##.#
..# # #


You could see a vampire (invisible) and 2 small abominations.

Vanquished Creatures
  A minotaur (Lab)
  Josephine (D:12)
  2 fire dragons (Lair:8)
  Fannar (D:12)
  4 hydras
  An ice dragon (Lair:4)
  An ogre mage (D:14)
  The ghost of Charly the Unseen, a powerful NaIE of Dithmenos (Lair:1)
  The ghost of Viceroy the Grappler, an experienced TrMo (Lair:2)
  4 centaur warriors
  The ghost of Gorice the Carver, a powerful GrWn of Okawaru (Lair:1)
  3 orc high priests (Orc:4)
  A tengu warrior (D:13)
  Urug (Lair:2)
  Sonja (D:12)
  A thrashing horror (Abyss:1)
  A quicksilver dragon simulacrum (Abyss:1)
  An unseen horror (D:13)
  Pikel (D:6)
  3 lindwurms (Lair:8)
  8 orc knights
  A hill giant (D:13)
  7 small abominations
  A griffon (Lair:4)
  An ugly thing (D:11)
  3 manticores
  3 orc sorcerers (Orc:4)
  25 elephants
  3 black mambas
  3 sixfirhies
  Joseph (D:9)
  A gargoyle (D:12)
  3 cyclopes (D:14)
  A smoke demon (Abyss:2)
  7 torpor snails
  Psyche (D:8)
  4 molten gargoyles (D:12)
  17 spiny frogs
  2 fire drakes
  6 komodo dragons
  A yaktaur (D:14)
  An efreet (D:13)
  A wandering mushroom (Lab)
  2 starcursed masses (Abyss:1)
  5 kobold demonologists (D:14)
  A tengu conjurer (D:13)
  2 deep elf priests (D:14)
  4 trolls
  A minotaur skeleton (Lab)
  Grinder (D:6)
  A raiju (Abyss:1)
  24 blink frogs
  A large abomination (Abyss:2)
  3 polar bears
  3 giant leeches (Lair:8)
  A raven (D:13)
  6 two-headed ogres
  A boulder beetle (Lair:5)
  6 slime creatures
  A snapping turtle (Lair:5)
  2 deep elf magi
  Sigmund (D:2)
  8 wraiths
  5 humans
  A shadow (D:13)
  A water elemental (D:12)
  3 wyverns
  A spriggan (D:9)
  A fire elemental (D:12)
  3 steam dragons
  Grum (D:8)
  50 yaks
  4 hungry ghosts
  12 water moccasins
  3 basilisks
  Menkaure (D:6)
  13 hippogriffs
  A spatial vortex (Abyss:2)
  3 mottled dragons
  2 nagas (Lair:6)
  22 wolves
  16 porcupines
  3 wargs
  2 swamp drakes (Lair:8)
  A slave (D:6)
  A necrophage (D:6)
  A black bear (D:11)
  An eye of draining (shapeshifter) (D:14)
  6 ice beasts
  3 phantoms
  29 orc warriors
  3 wasps (Lair:8)
  16 ogres
  4 big kobolds
  13 centaurs
  2 sky beasts
  18 crocodiles
  3 brain worms (Lair:8)
  20 giant frogs
  9 scorpions
  A wyvern skeleton (D:12)
  10 killer bees
  11 wights
  An electric eel (Lair:7)
  4 crimson imps
  37 orc priests
  A gnoll shaman (D:7)
  2 quasits
  2 centaur zombies
  A lava snake (D:12)
  9 hounds
  8 jellies
  29 orc wizards
  4 giant frog skeletons
  13 iguanas
  5 worker ants
  16 sheep
  A killer bee zombie (D:10)
  22 adders
  5 gnolls
  3 white imps (Lair:4)
  46 river rats
  3 shadow imps
  8 ufetubi
  2 oozes (D:2)
  20 worms
  4 giant geckos
  157 orcs
  15 bats
  3 giant cockroaches
  18 hobgoblins
  12 jackals
  42 kobolds
  6 quokkas
  2 ball pythons (D:2)
  A giant gecko skeleton (D:8)
  5 giant newts
  3 giant spores
  29 goblins
  7 rats
  5 ballistomycetes
  67 fungi
  54 plants
1178 creatures vanquished.

Vanquished Creatures (collateral kills)
  Maud (D:12)
  A stone giant (Orc:4)
2 creatures vanquished.

Vanquished Creatures (others)
  The ghost of laxity the Arsonist, an experienced DEFE of Vehumet (D:8)
  An air elemental (Orc:4)
  A basilisk (Lair:8)
  A steam dragon (Lair:8)
  An orc warrior (D:10)
  A centaur (D:6)
  An ice beast (D:10)
  A slave (D:6)
  A quasit (D:14)
  A crimson imp (D:6)
  An orc wizard (Orc:4)
  2 ufetubi (Abyss:1)
  An orc (Orc:4)
  A jackal (D:6)
  7 fungi
  9 plants
31 creatures vanquished.

Grand Total: 1211 creatures vanquished

Notes
Turn   | Place    | Note
--------------------------------------------------------------
     0 | D:1      | Zwobot, the Centaur Gladiator, began the quest for the Orb.
     0 | D:1      | Reached XP level 1. HP: 17/17 MP: 1/1
    97 | D:1      | Reached skill level 3 in Polearms
   254 | D:1      | Reached XP level 2. HP: 24/24 MP: 2/2
  1152 | D:2      | Reached XP level 3. HP: 29/29 MP: 3/3
  1397 | D:2      | Noticed Sigmund
  1411 | D:2      | Killed Sigmund
  1411 | D:2      | Reached skill level 4 in Polearms
  1411 | D:2      | Reached skill level 1 in Armour
  1411 | D:2      | Reached XP level 4. HP: 29/38 MP: 4/4
  1411 | D:2      | Reached XP level 5. HP: 34/45 MP: 5/5
  1847 | D:3      | Found a sparkling altar of Nemelex Xobeh.
  1956 | D:3      | Reached XP level 6. HP: 49/51 MP: 6/6
  2148 | D:3      | Found a snail-covered altar of Cheibriados.
  2393 | D:4      | Found an ancient bone altar of Kikubaaqudgha.
  2419 | D:4      | Reached skill level 5 in Polearms
  2443 | D:4      | Found a radiant altar of Vehumet.
  2705 | D:4      | Found Piqic's Antique Armour Emporium.
  2716 | D:4      | Bought a heavily runed ring mail for 198 gold pieces
  2726 | D:4      | Identified the cursed +1 ring mail of Buaciat {+Fly MR++ MP+9} (You bought it in a shop on level 4 of the Dungeon)
  3319 | D:4      | Reached XP level 7. HP: 51/59 MP: 7/7
  3638 | D:4      | Reached skill level 6 in Polearms
  3728 | D:5      | Entered Level 5 of the Dungeon
  3909 | D:5      | Found a stormy altar of Qazlal.
  3940 | D:5      | Noticed an air elemental
  3942 | D:5      | Noticed a fire elemental
  3942 | D:5      | Noticed a water elemental
  3947 | D:5      | Became a worshipper of Qazlal Stormbringer
  4111 | D:5      | Reached XP level 8. HP: 61/67 MP: 8/8
  4327 | D:5      | Reached skill level 5 in Fighting
  4463 | D:5      | Reached skill level 7 in Polearms
  4938 | D:5      | Found a staircase to the Ecumenical Temple.
  4948 | Temple   | Entered the Ecumenical Temple
  5179 | D:6      | Acquired Qazlal's first power
  5311 | D:6      | Noticed Grinder
  5367 | D:6      | Noticed Menkaure
  5522 | D:6      | Noticed Pikel
  5828 | D:6      | Killed Pikel
  5828 | D:6      | Reached skill level 8 in Polearms
  5828 | D:6      | Reached XP level 9. HP: 66/75 MP: 9/9
  5845 | D:6      | Killed Grinder
  7255 | D:6      | Reached skill level 9 in Polearms
  7423 | D:7      | Found an iron altar of Okawaru.
  7557 | D:7      | Acquired Qazlal's second power
  7810 | D:7      | Reached skill level 5 in Armour
  8468 | D:8      | Noticed Psyche
  8491 | D:8      | Killed Psyche
  8491 | D:8      | Reached XP level 10. HP: 58/86 MP: 10/10
  8505 | D:8      | Noticed Grum
  8522 | D:8      | Reached skill level 10 in Polearms
  8802 | D:8      | Killed Grum
  9046 | D:8      | Noticed laxity's ghost (experienced DEFE)
  9057 | D:8      | Killed laxity's ghost
  9371 | D:8      | Found a sacrificial altar of Ru.
  9387 | D:8      | Found a staircase to the Lair.
  9911 | D:9      | Noticed Joseph
  9934 | D:9      | Killed Joseph
 10605 | D:9      | Found Mebooz's Distillery.
 10751 | D:9      | Acquired Qazlal's third power
 10781 | D:9      | Reached skill level 11 in Polearms
 11537 | Lair:1   | Entered Level 1 of the Lair of Beasts
 11549 | Lair:1   | Noticed Gorice's ghost (powerful GrWn)
 11589 | Lair:1   | Found a labyrinth entrance.
 11595 | Lab      | Entered a labyrinth
 11713 | Lab      | Reached XP level 11. HP: 95/95 MP: 11/11
 11923 | Lab      | Noticed a minotaur
 11948 | Lab      | Killed a minotaur
 11951 | Lab      | Got a shimmering arbalest
 11961 | Lab      | Got a ring of the Octopus King
 11962 | Lab      | Identified a ring of the Octopus King {rF+ AC+1 EV+1 Str+1 Int+1 Dex+1} (You found it in a labyrinth)
 11963 | Lab      | Identified the +7 arbalest of the Countless Eyes {venom, Str+3 Int+3 Dex+3} (You took it off a minotaur in a labyrinth)
 12283 | Lair:1   | Noticed a black mamba
 12321 | Lair:1   | Killed a black mamba
 12507 | Lair:1   | Killed Gorice's ghost
 13068 | Lair:1   | Reached skill level 12 in Polearms
 13201 | Lair:1   | Noticed Charly's ghost (powerful NaIE)
 13284 | Lair:1   | Killed Charly's ghost
 14166 | Lair:2   | Noticed Urug
 14174 | Lair:2   | Killed Urug
 14404 | Lair:2   | Noticed Viceroy's ghost (experienced TrMo)
 14784 | Lair:2   | Learned a level 3 spell: Regeneration
 14788 | Lair:2   | Learned a level 3 spell: Spectral Weapon
 14842 | Lair:2   | Reached skill level 10 in Fighting
 15417 | Lair:2   | Killed Viceroy's ghost
 15541 | Lair:2   | Reached XP level 12. HP: 69/106 MP: 12/12
 15854 | Lair:2   | Acquired Qazlal's fourth power
 16080 | Lair:2   | Reached skill level 13 in Polearms
 16966 | Lair:3   | Got a brightly glowing scale mail
 16977 | Lair:3   | Identified the cursed +1 scale mail of Weightlessness {rC+} (You found it on level 3 of the Lair of Beasts)
 17098 | Lair:3   | Got a spiked ring mail
 18161 | Lair:4   | Noticed an ice dragon
 18284 | Lair:1   | Identified the +4 ring mail "Zoach" {rPois Int+3} (You found it on level 3 of the Lair of Beasts)
 18432 | Lair:4   | Killed an ice dragon
 19360 | Lair:5   | Reached skill level 14 in Polearms
 19594 | Lair:5   | Noticed a four-headed hydra
 19761 | Lair:5   | Killed an eight-headed hydra
 19761 | Lair:5   | Reached XP level 13. HP: 73/116 MP: 13/13
 19977 | Lair:5   | Acquired Qazlal's fifth power
 20303 | Lair:5   | Found a staircase to the Shoals.
 20364 | Lair:6   | Reached skill level 5 in Throwing
 22294 | Lair:6   | Gained mutation: You are partially covered in rugged brown scales (AC +1, +3% HP). [potion of beneficial mutation]
 22359 | Lair:6   | Found a staircase to the Snake Pit.
 22448 | Lair:6   | Reached skill level 1 in Axes
 23134 | Lair:7   | Found a staircase to the Slime Pits.
 23557 | Lair:8   | Entered Level 8 of the Lair of Beasts
 23763 | Lair:7   | Reached XP level 14. HP: 101/130 MP: 14/14
 23900 | Lair:7   | Reached skill level 5 in Axes
 23986 | Lair:8   | Reached skill level 1 in Invocations
 24205 | Lair:8   | Found an opulent altar of Gozag.
 24908 | Lair:8   | Found a runed door.
 25320 | Lair:8   | Got a jewelled chain mail
 25331 | Lair:8   | Identified the +5 chain mail "Homantut" {+Blink Dex-2 SInv} (You found it on level 8 of the Lair of Beasts)
 25965 | D:6      | Killed Menkaure
 25965 | D:6      | Reached skill level 5 in Invocations
 26099 | D:4      | Bought a faintly glowing plate armour for 616 gold pieces
 26113 | D:4      | Identified the +10 plate armour of the Great Game {Str+4 Dex-4} (You bought it in a shop on level 4 of the Dungeon)
 26296 | D:10     | Entered Level 10 of the Dungeon
 26374 | D:10     | Found a roughly hewn altar of Beogh.
 26374 | D:10     | Found a staircase to the Orcish Mines.
 26657 | D:10     | Got a scorched hunting sling
 26658 | D:10     | Identified the +5 hunting sling "Transmigrator" {velocity, rElec rF+} (You found it on level 10 of the Dungeon)
 26733 | D:10     | Found Dufarghyrpho's Serpentskin Sales.
 26961 | Orc:1    | Entered Level 1 of the Orcish Mines
 27004 | Orc:1    | Found Roekh's Quality Used Wands.
 27046 | Orc:1    | Found Ceilo's General Store.
 27053 | Orc:1    | Bought a scroll of acquirement for 728 gold pieces
 27065 | Orc:1    | Found a flagged portal.
 27072 | Bailey   | Entered a bailey
 27235 | Bailey   | Reached skill level 1 in Shields
 27470 | Bailey   | Got a smoking chain mail
 27481 | Bailey   | Identified the +6 chain mail "Hicwetet" {rC+ Str-4 Int+2 Slay+2} (You found it in a bailey)
 27505 | Orc:1    | Found a radiant altar of Vehumet.
 28606 | Orc:3    | Found a staircase to the Elven Halls.
 28730 | Orc:3    | Found Horez's Antique Armour Shoppe.
 28737 | Orc:3    | Bought a pair of runed gloves for 135 gold pieces
 29174 | Orc:4    | Entered Level 4 of the Orcish Mines
 30014 | Orc:4    | Found Hsiateh's Humungous Hoard.
 30087 | Orc:4    | Reached skill level 10 in Axes
 30089 | Orc:4    | Paralysed by an orc sorcerer for 7 turns
 30102 | Orc:4    | Paralysed by an orc sorcerer for 3 turns
 30702 | Orc:4    | Found Decs's Antique Weapon Emporium.
 30702 | Orc:4    | Found Imemoara's Gadget Boutique.
 30704 | Orc:4    | Found Tuank's Antique Weapon Emporium.
 30704 | Orc:4    | Found Uduquudgh's General Store.
 30766 | Orc:4    | Bought a wand of heal wounds (5) for 918 gold pieces
 31223 | D:11     | Reached XP level 15. HP: 138/138 MP: 18/18
 31601 | D:11     | Found an opulent altar of Gozag.
 31634 | D:11     | Found a sparkling altar of Nemelex Xobeh.
 31856 | D:12     | Noticed Josephine
 31868 | D:12     | Killed Josephine
 31874 | D:12     | Noticed Fannar
 31898 | D:12     | Killed Fannar
 32172 | D:12     | Noticed Sonja
 32174 | D:12     | Killed Sonja
 32273 | D:12     | Noticed Maud
 32295 | D:12     | Killed Maud
 32683 | D:12     | Got a faintly humming hat
 32694 | D:12     | Identified the +0 hat of Inviolability {rC+} (You acquired it on level 12 of the Dungeon)
 34542 | D:14     | Found Dajekhlo's Weapon Emporium.
 34886 | D:14     | Cast into the Abyss (an ogre mage)
 34897 | Abyss:1  | Got a heavily runed centaur barding
 34908 | Abyss:1  | Identified the +0 centaur barding of Calculation {Int+3} (You acquired it on level 1 of the Abyss)
 34988 | Abyss:1  | Gained mutation: [You are clumsy. (Dex -2)] [a neqoxec]
 34994 | Abyss:1  | Found a deep blue altar of Sif Muna.
 35518 | Abyss:2  | Noticed a tentacled starspawn
 35523 | Abyss:2  | HP: 2/124 [hellion/burst of hellfire (39)]
 35530 | Abyss:2  | HP: 2/124 [small abomination (2)]
 35530 | Abyss:2  | Mangled by a small abomination

Action                   |  1- 3 |  4- 6 |  7- 9 | 10-12 | 13-15 || total
-------------------------+-------+-------+-------+-------+-------++-------
Melee: Trident           |    94 |   171 |   526 |    69 |       ||   860
       Halberd           |       |       |    79 |   736 |   359 ||  1174
       Broad axe         |       |       |       |       |  1528 ||  1528
 Fire: Longbow           |       |       |    33 |    28 |       ||    61
Throw: Throwing net      |     3 |       |     2 |     2 |       ||     7
       Javelin           |       |       |     4 |    26 |    20 ||    50
       Tomahawk          |       |       |       |       |    38 ||    38
Invok: Upheaval          |       |       |       |     2 |    26 ||    28
Evoke: Wand              |       |       |     3 |     7 |    10 ||    20
       Phial of floods   |       |       |       |       |     2 ||     2
       Fan of gales      |       |       |       |       |     1 ||     1
  Use: Scroll            |     5 |     2 |     4 |    20 |    22 ||    53
       Potion            |       |     3 |     1 |     4 |     8 ||    16
 Stab: Held in net/web   |       |       |     1 |       |       ||     1
       Fleeing           |       |       |       |     1 |       ||     1
  Eat: Chunk             |     1 |     5 |    12 |    34 |    42 ||    94
       Beef jerky        |       |       |     2 |     2 |     1 ||     5
       Fruit             |       |       |       |     4 |       ||     4
       Bread ration      |       |       |       |       |     2 ||     2
       Pizza             |       |       |       |       |     1 ||     1
